 Dungeon Crawl Stone Soup version 0.29-a0-1016-g236c7fd91e (webtiles) character file.

Game seed: 15293873972235330751

19 Newt the Shooter (level 2, -3/17 HPs)
             Began as a Kobold Hunter on Aug 9, 2022.
             Slain by Terence
             ... wielding a +0 trident
              (6 damage)
             ... on level 2 of the Dungeon.
             The game lasted 00:01:47 (1502 turns).

Newt the Shooter (Kobold Hunter)                    Turns: 1502, Time: 00:01:48

Health: -3/17      AC:  6    Str:  8    XL:     2   Next: 95%
Magic:  2/2        EV: 14    Int: 10    God:
Gold:   47         SH:  5    Dex: 18    Spells: 1/1 levels left

rFire   . . .      SeeInvis .   a - +0 shortbow
rCold   . . .      Faith    .   (shield currently unavailable)
rNeg    . . .      Spirit   .   c - +0 leather armour
rPois   .          Reflect  +   k - +2 helmet
rElec   .          Harm     .   (no cloak)
rCorr   .          Rampage  .   (no gloves)
Will    .....                   (no boots)
Stlth   +++.......              e - amulet of reflection
HPRegen 0.05/turn               f - ring of wizardry
MPRegen 0.08/turn               (no ring)

@: no status effects
A: small, no large weapons, nightstalker 3
a: no special abilities


You were on level 2 of the Dungeon.
You visited 1 branch of the dungeon, and saw 2 of its levels.

You collected 47 gold pieces.

Inventory:

Hand Weapons
 a - a +0 shortbow (weapon)
Armour
 c - a +0 leather armour (worn)
 g - a +0 helmet
 k - a +2 helmet (worn)
Jewellery
 e - an amulet of reflection (around neck)
 f - a ring of wizardry (left hand)
Scrolls
 b - 2 scrolls of immolation
 j - 3 scrolls of enchant armour {unknown}
Potions
 d - 2 potions of attraction {unknown}
 h - a potion of lignification {unknown}
 i - a potion of curing {unknown}


   Skills:
 - Level 2.1 Fighting
 + Level 6.2 Ranged Weapons
 + Level 0.2 Armour
 - Level 2.4 Dodging
 - Level 1.3 Stealth


You had one spell level left.
You didn't know any spells.
Your spell library contained the following spells:

 Spells                   Type           Power      Damage    Failure   Level
 Tukima's Dance           Hex            0%         N/A       52%         3
 Passage of Golubria      Tloc           0%         N/A       88%         4
 Yara's Violent Unravell  Hex/Tmut       0%         3d3       99%         5


Dungeon Overview and Level Annotations

Branches:
Dungeon (2/15)

Altars:

Shops:
D:1 *:

Annotations:
D:2 Terence


Innate Abilities, Weirdness & Mutations

You are small and have problems with some larger weapons.
You are completely attuned to the shadows.


Message History

The arrow hits Terence but does no damage.
Terence barely misses you.
A frilled lizard comes into view.
You shoot an arrow. The arrow hits Terence.
Terence is moderately wounded.
You block Terence's attack.
You shoot an arrow. The arrow closely misses Terence.
Terence hits you but does no damage. Terence shouts, "Now you die!"
Terence hits you from afar with a +0 trident.
You shoot an arrow. The arrow hits the frilled lizard.
You kill the frilled lizard!
Terence misses you.
Unknown command.
You shoot an arrow. The arrow hits Terence.
Terence is heavily wounded.
Terence screams, "I'm going to kill you!"
Terence misses you.
You shoot an arrow. The arrow hits Terence.
Terence is severely wounded.
Terence hits you from afar with a +0 trident.
You shoot an arrow.
The arrow hits Terence but does no damage.
Terence is severely wounded.
Terence asks, "Do you want it fast or slow?"
Terence barely misses you. Terence closely misses you.
You shoot an arrow. The arrow barely misses Terence.
You block Terence's attack.
You shoot an arrow. The arrow barely misses Terence.
Terence hits you from afar with a +0 trident!
* * * LOW HITPOINT WARNING * * *
You are too injured to fight recklessly!
Fire: a) +0 shortbow
Press: ? - help, Shift-Dir - straight line, f/p - Terence
Aim: Terence, wielding a +0 trident and wearing a +0 chain mail (severely wounded, 72% to hit)
You shoot an arrow.
The arrow hits Terence but does no damage.
Terence is severely wounded.
Terence hits you from afar with a +0 trident.
You die...

#.. #.#
#.#
####.#####
(...@<....
####.####)
#@# #..
...


You could see Terence.

Vanquished Creatures
  A dart slug (D:1)
  An endoplasm (D:1)
  A giant cockroach (D:1)
  A goblin (D:1)
  A hobgoblin (D:1)
  2 jackals (D:1)
  A kobold (D:1)
  2 ball pythons (D:1)
  2 bats (D:1)
  3 frilled lizards
  A rat (D:1)
16 creatures vanquished.

Notes
Turn   | Place    | Note
-------+----------+-------------------------------------------
     0 | D:1      | Newt the Kobold Hunter began the quest for the Orb.
     0 | D:1      | Reached XP level 1. HP: 12/12 MP: 1/1
   292 | D:1      | Reached XP level 2. HP: 17/17 MP: 2/2
   353 | D:1      | Found Amon Vin's General Store.
   378 | D:1      | Reached skill level 6 in Ranged Weapons
   451 | D:1      | Found Hejelena's Book Emporium.
  1491 | D:2      | Noticed Terence
  1502 | D:2      | Slain by Terence

Illustrated notes

Levels and vault maps discovered:
D:1:      dpeg_arrival_castle, layout_loops_cross, serial_shops,
          nicolae_shop_advertising_works [nicolae_subvault_shop_adworks],
          nicolae_shop_behind_doors, chequers_big_river
D:2:      layout_loops_ring, uniq_terence

Skill      XL: |  1  2 |
---------------+-------+-----
Ranged Weapons | 6 |  6.2
Fighting       | |  2.1
Armour         | |  0.2
Dodging        | |  2.4
Stealth        | |  1.3

Action                   || total
-------------------------++-------
 Fire: Shortbow          ||    31
Armor: Leather armour    ||     2
Dodge: Dodged            ||     9
Block: Other             ||     6

Table legend: (Time is in decaauts)
 A = Elapsed time spent in this place.
 B = Non-inter-level travel time spent in this place.
 C = Inter-level travel time spent in this place.
 D = Time resting spent in this place.
 E = Time spent auto-exploring this place.
 F = Levels seen in this place.
 G = Mean time per level.
                   A        B        C        D        E       F      G
               +--------+--------+--------+--------+--------+-----+--------+
         Total |   1542 |    969 |    573 |      0 |    868 |   2 |  771.0 |
       Dungeon |   1542 |    969 |    573 |      0 |    868 |   2 |  771.0 |
               +--------+--------+--------+--------+--------+-----+--------+

Top non-repeatable levels by time:
     D:1: 1528 daAuts
     D:2: 14 daAuts
